 Dungeon Crawl Stone Soup version 0.30-a0-557-ge2afbf3030 (webtiles) character file.

Game seed: 15480650683762266982

60 Shayle the Conjurer (level 4, 0/27 HPs)
             Began as a Tengu Reaver on Dec 27, 2022.
             Slain by a gnoll
             ... wielding a +0 halberd of freezing
              (1 damage)
             ... on level 2 of the Dungeon.
             The game lasted 00:02:55 (1326 turns).

Shayle the Conjurer (Tengu Reaver)                  Turns: 1326, Time: 00:02:57

Health: 0/27       AC:  4    Str: 13    XL:     4   Next: 6%
Magic:  8/8        EV: 12    Int: 15    God:
Gold:   130        SH:  0    Dex: 12    Spells: 6/7 levels left

rFire   . . .      SeeInvis .    d - +4 hand axe (elec)
rCold   . . .      Faith    .    (no shield)
rNeg    . . .      Spirit   .    b - +0 leather armour
rPois   .          Reflect  .    (helmet restricted)
rElec   .          Harm     .    (no cloak)
rCorr   .          Rampage  .    f - +0 pair of gloves
Will    .....                    (boots unavailable)
Stlth   +                        e - amulet of regeneration
HPRegen 1.04/turn                (no ring)
MPRegen 0.11/turn                (no ring)

@: no status effects
A: beak, talons 3
a: no special abilities


You were on level 2 of the Dungeon.
You visited 1 branch of the dungeon, and saw 3 of its levels.

You collected 130 gold pieces.

Inventory:

Hand Weapons
 a - a +0 spear
 c - a +0 dagger of venom
 d - a +4 hand axe of electrocution (weapon)
Missiles
 h - 6 boomerangs
Armour
 b - a +0 leather armour (worn)
 f - a +0 pair of gloves (worn)
Jewellery
 e - an amulet of regeneration (around neck)
Scrolls
 j - a scroll of fear {unknown}
 k - a scroll of magic mapping {unknown}
 l - a scroll of poison {unknown}
 n - a scroll of amnesia {unknown}
Potions
 g - a potion of mutation {unknown}
 i - a potion of cancellation {unknown}
 m - a potion of attraction {unknown}


   Skills:
 + Level 2.9 Fighting
 - Level 3.2 Polearms
 + Level 3.2 Dodging
 - Level 2.0 Spellcasting
 - Level 4.0 Conjurations
 + Level 2.0 Necromancy


You had 6 spell levels left.
You knew the following spells:

 Your Spells              Type           Power      Damage    Failure   Level
a - Kiss of Death         Conj/Necr      40%        2d8       9%          1

Your spell library contained the following spells:

 Spells                   Type           Power      Damage    Failure   Level
 Momentum Strike          Conj/Tloc      14%        3d8       19%         2
 Apportation              Tloc           2%         N/A       28%         1
 Hailstorm                Conj/Ice       7%         3d4       36%         3
 Alistair's Intoxication  Tmut/Pois      0%         N/A       100%        5


Dungeon Overview and Level Annotations

Branches:
Dungeon (3/15)

Altars:


Innate Abilities, Weirdness & Mutations

You have a beak for a mouth.
You have claws for feet.


Message History

You hit the rat.
You kill the rat!
You hit the hobgoblin. Your kick misses the hobgoblin.
The hobgoblin is moderately wounded.
The hobgoblin barely misses you.
You barely miss the hobgoblin. You claw the hobgoblin.
The hobgoblin is heavily wounded.
The hobgoblin misses you.
You barely miss the hobgoblin. Your peck misses the hobgoblin.
The hobgoblin is heavily wounded.
The hobgoblin hits you but does no damage.
You hit the hobgoblin.
You kill the hobgoblin!
You now have 110 gold pieces (gained 12).
Found a scroll labelled GIVAMN NAVA.
You now have 120 gold pieces (gained 10).
n - a scroll labelled GIVAMN NAVA
There is a stone staircase leading down here.
Found a plate armour.
You now have 130 gold pieces (gained 10).
Found 7 gold pieces.
A jackal comes into view.
The gnoll shouts!
The jackal barks!
You slash the jackal!
You kill the jackal!
You see here a jackal corpse.
The gnoll hits you from afar with a +0 halberd of freezing!
Ouch! That really hurt!
The gnoll freezes you.
The gnoll hits you with a +0 halberd of freezing!
* * * LOW HITPOINT WARNING * * *
The gnoll freezes you.
* * * LOW HITPOINT WARNING * * *
The gnoll shouts!
You hit the gnoll. You claw the gnoll.
The gnoll is moderately wounded.
The gnoll hits you with a +0 halberd of freezing.
* * * LOW HITPOINT WARNING * * *
The gnoll freezes you.
You die...

.######..####### .
#.......<..
...####.#########
...............
.#.###.########
............#
.#.#.###....#
#..........#######
#[#.###P.PP...g@.#
##..###.#g#.####.#
.........†...#.#
..####.#$#.#....#
.......#.#.######
#..g..###.#..
.Z.... ..####
#..... ### .....


You could see 2 gnolls.

Vanquished Creatures
  A worm (D:3)
  A bat skeleton (D:2)
  A bat zombie (D:2)
  2 endoplasms
  A giant cockroach (D:1)
  6 goblins
  6 hobgoblins
  7 jackals
  4 quokkas
  5 ball pythons
  2 ball python zombies (D:2)
  4 bats (D:1)
  3 frilled lizards
  5 kobolds
  6 rats
54 creatures vanquished.

Notes
Turn   | Place    | Note
-------+----------+-------------------------------------------
     0 | D:1      | Shayle the Tengu Reaver began the quest for the Orb.
     0 | D:1      | Reached XP level 1. HP: 12/12 MP: 4/4
   148 | D:1      | Reached XP level 2. HP: 16/17 MP: 6/6
   198 | D:1      | Reached skill level 1 in Necromancy
   340 | D:1      | Reached XP level 3. HP: 22/22 MP: 7/7
  1251 | D:3      | Reached XP level 4. HP: 27/27 MP: 8/8
  1325 | D:2      | HP: 1/27 [gnoll/+0 halberd of freezing (1)]
  1326 | D:2      | Slain by a gnoll

Illustrated notes

Levels and vault maps discovered:
D:1:      dpeg_arrival_court, layout_basic, hex_medium
D:2:      layout_basic, serial_undead, serial_undead_b, serial_undead_b,
          serial_undead_a, serial_undead_d, serial_undead_a, serial_undead_b,
          nrook_uturn
D:3:      layout_basic, hellmonk_ecumenical_altar_dog_temple,
          kennysheep_generic_room_8, uniq_grinder, uniq_robin

Skill      XL: |  1  2  3 |
---------------+----------+-----
Necromancy     | 1 2 |  2.0
Dodging        | 3 |  3.2
Fighting       | |  2.9
Polearms       | |  3.2
Spellcasting   | |  2.0
Conjurations   | |  4.0

Action                   |  1- 3 |  4- 6 || total
-------------------------+-------+-------++-------
Melee: Hand axe          |    78 |     7 ||    85
       Spear             |     5 |       ||     5
       Kick              |    12 |     2 ||    14
       Peck              |     7 |       ||     7
Armor: Leather armour    |    23 |     1 ||    24
Dodge: Dodged            |    65 |     3 ||    68

Table legend: (Time is in decaauts)
 A = Elapsed time spent in this place.
 B = Non-inter-level travel time spent in this place.
 C = Inter-level travel time spent in this place.
 D = Time resting spent in this place.
 E = Time spent auto-exploring this place.
 F = Levels seen in this place.
 G = Mean time per level.
                   A        B        C        D        E       F      G
               +--------+--------+--------+--------+--------+-----+--------+
         Total |   1342 |   1299 |     43 |      5 |    937 |   3 |  447.3 |
       Dungeon |   1342 |   1299 |     43 |      5 |    937 |   3 |  447.3 |
               +--------+--------+--------+--------+--------+-----+--------+

Top non-repeatable levels by time:
     D:1: 1023 daAuts
     D:2: 182 daAuts
     D:3: 136 daAuts
